 Dungeon Crawl Stone Soup version 0.29.1-13-g9f3cf754e1 (webtiles) character file.

Game seed: 13159460270159074688

18 Exodus22XD the Trooper (level 2, 27/27 HPs)
             Began as a Minotaur Fighter on Feb 5, 2023.
             Was a Follower of Vehumet.
             Quit the game on level 1 of the Dungeon.
             The game lasted 00:00:45 (365 turns).

Exodus22XD the Trooper (Minotaur Fighter)            Turns: 365, Time: 00:00:45

Health: 27/27      AC:  8    Str: 20    XL:     2   Next: 51%
Magic:  1/1        EV:  9    Int:  5    God:    Vehumet [*.....]
Gold:   50         SH:  4    Dex:  9    Spells: 1/1 levels left

rFire   . . .      SeeInvis .   a - +0 war axe
rCold   . . .      Faith    .   c - +0 buckler
rNeg    . . .      Spirit   .   b - +0 scale mail
rPois   .          Reflect  .   (helmet restricted)
rElec   .          Harm     .   (no cloak)
rCorr   .          Rampage  .   e - +0 pair of gloves
Will    .....                   (no boots)
Stlth   ..........              (no amulet)
HPRegen 0.09/turn               (no ring)
MPRegen 0.07/turn               (no ring)

@: no status effects
A: horns 2, retaliatory headbutt
a: Renounce Religion


You were on level 1 of the Dungeon.
You worshipped Vehumet.
Vehumet was aware of your devotion.
You visited 1 branch of the dungeon, and saw 1 of its levels.

You collected 50 gold pieces.

Inventory:

Hand Weapons
 a - a +0 war axe (weapon)
Armour
 b - a +0 scale mail (worn)
 c - a +0 buckler (worn)
 e - a +0 pair of gloves (worn)
Scrolls
 h - a scroll of teleportation {unknown}
 i - a scroll of magic mapping {unknown}
Potions
 d - 2 potions of might
 f - a potion of invisibility {unknown}
 g - a potion of ambrosia {unknown}


   Skills:
 + Level 4.0 Fighting
 + Level 2.7 Axes
 + Level 3.9 Armour
 + Level 3.9 Shields


You had one spell level left.
You didn't know any spells.
Your spell library was empty.

Dungeon Overview and Level Annotations

Branches:
Dungeon (1/15)

Altars:
Vehumet


Innate Abilities, Weirdness & Mutations

You have a pair of horns on your head.
You reflexively headbutt those who attack you in melee.


Message History

You kill the goblin!
Your life force feels restored.
You hit the goblin but do no damage. The goblin hits you but does no damage.
The goblin barely misses you. You furiously retaliate!
You headbutt the goblin!
You kill the goblin!
No target in view!
No target in view!
No target in view!
You see here a +0 club.
Found 3 boomerangs.
Found a scroll labelled YWEEKO OFA.
You hit the plant but do no damage. You slash the plant!
The plant begins to die.
The plant is lightly damaged.
You hit the fungus.
The fungus begins to die.
The fungus is lightly damaged.
You hit the plant.
A nearby plant withers and dies.
You slash the plant!
The plant begins to die.
You headbutt the plant!
The plant is lightly damaged.
You slash the plant!
The plant begins to die.
You hit the fungus. You slash the plant!
The plant is lightly damaged.
You hit the fungus. You hit the plant.
A nearby fungus withers and dies.
You slash the plant!
The plant is lightly damaged.
You hit the plant.
A nearby plant withers and dies.
A nearby plant withers and dies.
h - a scroll labelled YWEEKO OFA
Okay, then.
You see here a +0 club.
You see here a +1 dagger of draining.
i - a scroll labelled MIGEPL WUCUA
Found a faded altar of an unknown god.
There is a faded altar of an unknown god here.
You cannot tell which god this altar belongs to.
Convert to them anyway?
Vehumet accepts your prayer! Vehumet welcomes you!
You can now gain magical power from killing.
Vehumet offers you knowledge of Foxfire.
Are you sure you want to abandon this character and quit the game? (Confirm with "yes".)

############
###..........##
#....P.P......#
###....PP~....# #####
...##..####P....#.# #...#
..........P.###..#.# #...#
.^..#........@####.# #...#
....##..P.P.###..#.####...#
. ....~..⌠....#...........#
####..~.....#..###......#
###PPP...###...(#.##...#
#..P..........#.#.##...#
..#P..............##...#
.########.....##.#######
..##....######..#


There were no monsters in sight!

Vanquished Creatures
  4 endoplasms (D:1)
  A giant cockroach (D:1)
  2 goblins (D:1)
  3 hobgoblins (D:1)
  A quokka (D:1)
  A ball python (D:1)
  A frilled lizard (D:1)
  4 rats (D:1)
17 creatures vanquished.

Vanquished Creatures (others)
  A fungus (D:1)
  3 plants (D:1)
4 creatures vanquished.

Grand Total: 21 creatures vanquished

Notes
Turn   | Place    | Note
-------+----------+-------------------------------------------
     0 | D:1      | Exodus22XD the Minotaur Fighter began the quest for the
                  | Orb.
     0 | D:1      | Reached XP level 1. HP: 19/19 MP: 0/0
   193 | D:1      | Reached XP level 2. HP: 27/27 MP: 1/1
   227 | D:1      | Reached skill level 4 in Fighting
   357 | D:1      | Found a faded altar of an unknown god.
   364 | D:1      | Prayed at the altar of an unknown god.
   364 | D:1      | Became a worshipper of Vehumet
   364 | D:1      | Reached * piety under Vehumet
   364 | D:1      | Offered knowledge of Foxfire by Vehumet.
   365 | D:1      | Quit the game

Illustrated notes

Levels and vault maps discovered:
D:1:      erik_arrival_cave_to_civilisation [erik_arrival_cave_to_hall],
          layout_rooms, shapermc_ecumenical_altar_mp_ritualfount, minivault_26

Skill      XL: |  1  2 |
---------------+-------+-----
Fighting       | 4 |  4.0
Axes           | |  2.7
Armour         | |  3.9
Shields        | |  3.9

Action                   || total
-------------------------++-------
Melee: War axe           ||    29
       Headbutt          ||     7
Armor: Scale mail        ||     7
Dodge: Dodged            ||     8
Block: Buckler           ||     3
